 Dungeon Crawl Stone Soup version 0.26-a0-812-g31a745ddcd (webtiles) character file.

Game seed: 13566131030800130442

8392 Dracia the Spear-Bearer (level 11, 0/92 HPs)
             Began as a Merfolk Gladiator on Dec 10, 2020.
             Was a High Priest of Okawaru.
             Slain by a gnoll
             ... wielding a +0 spear
              (1 damage)
             ... on level 8 of the Dungeon.
             The game lasted 00:30:38 (12741 turns).

Dracia the Spear-Bearer (Merfolk Gladiator)        Turns: 12741, Time: 00:30:38

Health: 0/92       AC:  9    Str: 15    XL:     11   Next: 30%
Magic:  17/17      EV: 18    Int: 11    God:    Okawaru [*****.]
Gold:   567        SH:  0    Dex: 15    Spells: 10/10 levels left

rFire    + . .     SeeInvis .   Q - +3 trident (vorpal)
rCold    + + .     Faith    .   (no shield)
rNeg     . . .     Spirit   .   n - +0 troll leather armour
rPois    +         Reflect  .   c - +0 helmet
rElec    +         Harm     .   w - +0 cloak
rCorr    +         Rampage  .   s - +0 pair of gloves
MR       +....                  k - +1 pair of boots
Stlth    +.........             H - amulet of magic regeneration
HPRegen  0.65/turn              P - ring of poison resistance
MPRegen  0.40/turn              C - ring of protection from cold

@: confused, mighty, lethally poisoned (0 -> -1), liquid flames, resistant,
glowing
A: change form in water, swift swim, stealthy swim, magic resistance 1, mutation
resistance 1
a: Heroism, Finesse, Renounce Religion


You were on level 8 of the Dungeon.
You worshipped Okawaru.
Okawaru was extremely pleased with you.
You visited 1 branch of the dungeon, and saw 10 of its levels.

You collected 567 gold pieces.


Innate Abilities, Weirdness & Mutations

You revert to your normal form in water.
You are very nimble and swift while swimming.
You are very stealthy in the water. (Stealth+)
You are resistant to hostile enchantments. (MR+)
You are somewhat resistant to further mutation.


   Skills:
 - Level 10.4 Fighting
 - Level 14.0 Polearms
 - Level 2.0 Throwing
 + Level 9.5 Dodging
 + Level 9.2 Invocations


You had 10 spell levels left.
You didn't know any spells.
Your spell library contained the following spells:

 Spells                   Type           Power        Failure   Level
 Cause Fear               Hex            #.........   99%         4
 Silence                  Hex/Air        #.........   100%        5
 Yara's Violent Unravell  Hex/Tmut       #.........   100%        5
 Discord                  Hex            #.........   100%        8

Inventory:

Hand Weapons
 a - a +0 trident
 o - a +3 spear of flaming
 O - a +4 spear of freezing
 Q - a +3 vorpal trident (weapon)
Missiles
 d - 5 throwing nets {=f=f}
 h - 24 poisoned darts (quivered)
Armour
 b - a +0 leather armour
 c - a +0 helmet (worn)
 j - a +1 ring mail of poison resistance
 k - a +1 pair of boots (worn)
 n - a +0 troll leather armour (worn)
 s - a +0 pair of gloves (worn)
 w - a +0 cloak (worn)
 y - a +1 scale mail of cold resistance
 F - a +1 robe of magic resistance
 L - a +0 leather armour
 M - +0 steam dragon scales
Jewellery
 m - a -4 ring of dexterity
 C - a ring of protection from cold (right hand)
 H - an amulet of magic regeneration (around neck)
 P - a ring of poison resistance (left hand)
Wands
 g - a wand of paralysis (24)
 l - a wand of disintegration (3)
 x - a wand of random effects (16)
 A - a wand of flame (19)
 B - a wand of acid (6)
 J - a wand of iceblast (4)
 N - a wand of polymorph (8)
Scrolls
 p - a scroll of immolation
 q - a scroll of fear
 r - 2 scrolls of blinking
 t - 3 scrolls of teleportation {@r4@r4}
 v - 2 scrolls of remove curse {@r2@r2}
 z - 5 scrolls of identify {@r1@r1}
 E - a scroll of magic mapping
 G - a scroll of enchant weapon
 I - 2 scrolls of amnesia
Potions
 e - a potion of might
 i - 2 potions of magic
 u - 2 potions of mutation
 D - a potion of curing {@q1@q1}

Dungeon Overview and Level Annotations

Branches:
Dungeon (10/15)            Temple (0/1) D:5            Lair (0/6) D:9
    Orc (0/2) D:10

Altars:
Dithmenos
Elyvilon
Gozag
Hepliaklqana
Kikubaaqudgha
Okawaru
Qazlal
Ru
Uskayaw
Yredelemnul
Zin
The Shining One

Shops:
D:4 }

Portals:
Trove: D:10 (give +8 demon whip)

Annotations:
D:8 1 transporter, Grum; bmj180's ghost, novice DrCj

.#...##.≈≈..#.#$$$#.#..≈≈..#
.#..###.≈≈.##.#$.g#.##.≈≈..#
##..###.≈≈.#..#[:"#h.#.≈≈..#
#.>....≈≈.##.#####.##.≈≈..#
#######.....#.#8⌠8#.#..≈≈..#
...........©#h'.ggg.#©.≈≈..#
#####.......#.#ggg#.#..≈≈..#
#..<....≈≈.##.##W##.##.≈≈..#
#.#.#...≈≈.#..#.@.#.©#.≈≈..#
#.#.#...≈≈.##.'...'.##.≈≈..#
#.#.#...≈≈..#.#...#.#..≈≈.##
#.#.....≈≈###.##'##.###≈≈.#
#.####..≈≈#...........#≈≈.#
#†# #..≈≈##.###.###.##≈≈.#
#.# #..≈≈#..#8###8#..#≈≈.#
#.# #..≈≈####.....####≈≈.#
#.# #..≈≈≈≈≈≈≈≈≈≈≈≈≈≈≈≈≈.#


You could see Grum, a gnoll sergeant, bmj180's ghost and 4 gnolls.


Message History

The gnoll misses you.
Grum looks and barks, "Time to put down the runt of the litter."
Grum hits you from afar with a +0 spear.
* * * LOW HITPOINT WARNING * * *
Okay, then.
Throwing (i - inventory. (/) - cycle)
h - 24 poisoned darts (quivered)
Press: ? - help, Shift-Dir - straight line, f - bmj180's ghost
Aim: bmj180's ghost (moderately damaged)
Okay, then.
You are confused.
You feel invigorated.
You are covered in liquid flames!
* * * LOW HITPOINT WARNING * * *
You feel sick.
The gnoll sergeant hits you from afar with a +0 spear of venom.
* * * LOW HITPOINT WARNING * * *
Bmj180's ghost hits you but does no damage.
The gnoll closely misses you.
Grum hits you from afar with a +0 spear!
* * * LOW HITPOINT WARNING * * *
You bump into the stone wall.
You are covered in liquid flames!
* * * LOW HITPOINT WARNING * * *
You feel sick.
The gnoll sergeant hits you from afar with a +0 spear of venom.
* * * LOW HITPOINT WARNING * * *
Bmj180's ghost hits you.
* * * LOW HITPOINT WARNING * * *
The gnoll hits you from afar with a +0 spear.
You die...

Skill      XL: |  1  2  3  4  5  6  7  8  9 10 11 |
---------------+----------------------------------+-----
Polearms       | 5 6 8 9 10 11 13 14 | 14.0
Fighting       | 3 4 7 9 10 | 10.4
Invocations    | 4 8 9 |  9.2
Dodging        | 8 9 |  9.5
Throwing       | |  2.0

Action                   |  1- 3 |  4- 6 |  7- 9 | 10-12 || total
-------------------------+-------+-------+-------+-------++-------
Melee: Trident           |   100 |   126 |       |    35 ||   261
       Spear             |       |   117 |   516 |   383 ||  1016
       Tailslap          |       |     7 |       |       ||     7
Throw: Dart              |       |       |       |     3 ||     3
Evoke: Wand              |       |       |       |     6 ||     6
  Use: Potion            |     1 |       |     9 |     8 ||    18
       Scroll            |       |     6 |     4 |     3 ||    13
 Stab: Sleeping          |     4 |     2 |       |     1 ||     7
       Paralysed         |       |       |     1 |       ||     1
       Invisible         |       |       |       |    14 ||    14
       Distracted        |       |       |       |     1 ||     1
Armor: Leather armour    |    15 |    27 |       |       ||    42
       Skin              |    14 |       |       |     1 ||    15
       Ring mail         |       |    20 |   115 |    41 ||   176
       Steam dragon scal |       |       |       |    15 ||    15
       Troll leather arm |       |       |       |    16 ||    16
Dodge: Dodged            |    31 |   112 |   137 |   229 ||   509

Levels and vault maps discovered:
D:1:      dpeg_arrival_water_fire, layout_basic
D:2:      layout_basic, minmay_misc_feat_four_crosses, uniq_terence
D:3:      layout_loops_ring, dancing_weapons_uskayaw
D:4:      layout_loops_ring, chequers_temple_overflow_minitemple,
          kennysheep_mini_moat, grunt_qazlal_clouds, serial_shops, shop,
          minmay_misc_feat_iff
D:5:      layout_loops_ring, overflow_temple_1_default, temple_hall,
          basic_altar, uniq_eustachio, uniq_edmund, uniq_ijyb,
          uniq_blork_the_orc
D:6:      layout_basic
D:7:      layout_gridville, nicolae_ru_great_annihilating_truth
D:8:      layout_basic, kennysheep_vampire_church,
          gammafunk_ghost_gnarly_gnolls, minmay_misc_feat_pillars
D:9:      layout_loops_corners, due_lair_maze_entry_diamond, basic_altar,
          uniq_erica
D:10:     layout_long_grid, kennysheep_orc_monster_closet_entryway,
          nicolae_trove_entry_crystal

Notes
Turn   | Place    | Note
-------+----------+-------------------------------------------
     0 | D:1      | Dracia the Merfolk Gladiator began the quest for the Orb.
     0 | D:1      | Reached XP level 1. HP: 16/16 MP: 1/1
   355 | D:1      | Reached skill level 5 in Polearms
   363 | D:1      | Reached XP level 2. HP: 22/22 MP: 2/2
  1208 | D:2      | Reached skill level 6 in Polearms
  1208 | D:2      | Reached XP level 3. HP: 27/27 MP: 3/3
  1352 | D:2      | Noticed Terence
  1372 | D:2      | Killed Terence
  1372 | D:2      | Reached XP level 4. HP: 33/33 MP: 4/4
  1526 | D:2      | Reached skill level 7 in Polearms
  2265 | D:3      | Reached skill level 8 in Polearms
  2290 | D:3      | Reached XP level 5. HP: 37/38 MP: 5/5
  2320 | D:3      | Noticed a +0 dagger
  2321 | D:3      | Found a hide-covered altar of Uskayaw.
  2321 | D:3      | Noticed a +0 hand axe
  2964 | D:4      | Found a shadowy altar of Dithmenos.
  2964 | D:4      | Found an iron altar of Okawaru.
  2977 | D:4      | Reached skill level 9 in Polearms
  2981 | D:4      | Found a glowing silver altar of Zin.
  2984 | D:4      | Became a worshipper of Warmaster Okawaru
  3035 | D:4      | Found a glowing golden altar of the Shining One.
  3037 | D:4      | Found a faded altar of an unknown god.
  3055 | D:4      | Found a stormy altar of Qazlal.
  3068 | D:4      | Found Kaamogec's Gadget Shoppe.
  3119 | D:4      | Reached XP level 6. HP: 40/44 MP: 6/6
  3152 | D:4      | Found a hazy altar of Hepliaklqana.
  3283 | D:4      | Reached skill level 10 in Polearms
  3755 | D:5      | Entered Level 5 of the Dungeon
  3755 | D:5      | Found a basalt altar of Yredelemnul.
  3755 | D:5      | Noticed Edmund
  3772 | D:5      | Killed Edmund
  3772 | D:5      | Reached * piety under Okawaru
  3772 | D:5      | Reached skill level 3 in Fighting
  3772 | D:5      | Reached XP level 7. HP: 45/52 MP: 7/7
  3894 | D:5      | Noticed Ijyb
  3909 | D:5      | Killed Ijyb
  3932 | D:5      | Found a staircase to the Ecumenical Temple.
  3955 | D:5      | Noticed Blork the orc
  3978 | D:5      | Killed Blork the orc
  4037 | D:5      | Noticed Eustachio
  4091 | D:5      | Killed Eustachio
  4091 | D:5      | Reached skill level 4 in Fighting
  4091 | D:5      | Reached skill level 11 in Polearms
  4364 | D:5      | Reached XP level 8. HP: 60/61 MP: 8/8
  4437 | D:5      | Reached skill level 5 in Fighting
  4727 | D:5      | Reached skill level 12 in Polearms
  4760 | D:5      | Reached skill level 6 in Fighting
  5016 | D:5      | Found a white marble altar of Elyvilon.
  5651 | D:6      | Reached ** piety under Okawaru
  5915 | D:6      | Reached skill level 7 in Fighting
  5951 | D:6      | Reached skill level 13 in Polearms
  6337 | D:7      | Reached XP level 9. HP: 72/72 MP: 9/9
  7075 | D:7      | Found a sacrificial altar of Ru.
  7081 | D:7      | Reached skill level 8 in Fighting
  7227 | D:8      | Found a transporter.
  7531 | D:8      | Identified the cursed +1 ring mail of Gehenna {rElec Int+5
                  | Slay-2}
  7531 | D:8      | Identified the +0 buckler of Uskimoss {rCorr Str+3 Slay-4}
  7546 | D:8      | Found a transporter.
  7552 | D:8      | Noticed bmj180's ghost (novice DrCj)
  7552 | D:8      | Noticed Grum
  7734 | D:8      | Reached skill level 14 in Polearms
  8011 | D:8      | Reached *** piety under Okawaru
  8303 | D:8      | Found an ancient bone altar of Kikubaaqudgha.
  8426 | D:9      | Reached skill level 9 in Fighting
  8426 | D:9      | Reached skill level 1 in Invocations
  8599 | D:9      | Noticed Erica
  8636 | D:9      | Killed Erica
  8636 | D:9      | Reached skill level 4 in Invocations
  8636 | D:9      | Reached XP level 10. HP: 57/85 MP: 10/13
  8832 | D:9      | Noticed a two-headed ogre
  8848 | D:9      | HP: 7/85 [two-headed ogre/+0 giant club (10)]
  8852 | D:9      | Killed a two-headed ogre
  8852 | D:9      | Reached **** piety under Okawaru
  8852 | D:9      | Reached skill level 10 in Fighting
  8852 | D:9      | Reached skill level 5 in Invocations
  9299 | D:9      | Reached skill level 6 in Invocations
  9304 | D:9      | Reached skill level 5 in Dodging
  9394 | D:9      | Found a staircase to the Lair.
  9786 | D:9      | Found an opulent altar of Gozag.
 10038 | D:10     | Entered Level 10 of the Dungeon
 10105 | D:10     | Reached skill level 6 in Dodging
 10105 | D:10     | Reached skill level 7 in Invocations
 10278 | D:9      | Reached skill level 7 in Dodging
 10555 | D:10     | Identified the +9 long sword "Miuschobb" {venom, rF+ Str-3
                  | SInv}
 10578 | D:10     | Reached ***** piety under Okawaru
 11134 | D:10     | Found a staircase to the Orcish Mines.
 11182 | D:10     | Reached skill level 8 in Dodging
 11182 | D:10     | Reached skill level 8 in Invocations
 11182 | D:10     | Reached XP level 11. HP: 50/92 MP: 15/17
 11223 | D:10     | HP: 8/92 [orc warrior/+0 halberd (17)]
 11226 | D:10     | Gained mutation: You are somewhat resistant to further
                  | mutation. [potion of mutation]
 11226 | D:10     | Gained mutation: You are resistant to hostile enchantments.
                  | (MR+) [potion of mutation]
 11283 | D:10     | Noticed a two-headed ogre
 11839 | D:9      | Killed a two-headed ogre
 11839 | D:9      | Reached skill level 9 in Dodging
 12327 | D:10     | Reached skill level 9 in Invocations
 12537 | D:10     | Found a portal to a secret trove of treasure.
 12674 | D:8      | Identified a potion of resistance
 12740 | D:8      | HP: 7/92 [Grum/+0 spear (13)]
 12741 | D:8      | HP: 3/92 [gnoll sergeant/+0 spear of venom (6)]
 12741 | D:8      | HP: 1/92 [bmj180's ghost (2)]
 12741 | D:8      | Slain by a gnoll

Vanquished Creatures
  2 two-headed ogres (D:9)
  Erica (D:9)
  A centaur zombie (D:10)
  2 trolls
  A vampire (D:9)
  A steam dragon (D:10)
  Eustachio (D:5)
  Edmund (D:5)
  8 orc warriors
  A water moccasin (D:9)
  2 sky beasts (D:5)
  3 black bears (D:9)
  2 phantoms (D:9)
  4 ogres
  2 centaurs
  3 wolves (D:8)
  A big kobold (D:10)
  5 gnoll sergeants (D:10)
  Blork the orc (D:5)
  10 bullfrogs
  3 scorpions
  6 killer bees
  4 wights
  A vampire bat (D:8)
  A bullfrog zombie (D:10)
  5 hounds
  2 jellies (D:6)
  4 orc priests
  3 bullfrog skeletons
  A centaur skeleton (D:4)
  3 iguanas
  Ijyb (D:5)
  Terence (D:2)
  8 orc wizards
  6 worker ants
  A hound skeleton (D:4)
  8 gnolls
  8 adders
  2 shadow imps
  5 white imps
  2 ufetubi
  2 adder skeletons (D:4)
  6 worms
  2 dart slugs
  4 leopard geckos (D:3)
  35 orcs
  10 bats
  3 bat skeletons (D:8)
  2 bat zombies (D:8)
  5 giant cockroaches
  8 goblins
  6 hobgoblins
  5 jackals
  7 kobolds
  6 quokkas
  6 frilled lizards
  A jackal zombie (D:6)
  8 rats
243 creatures vanquished.

Vanquished Creatures (others)
  An orc (D:8)
  26 fungi (D:9)
  34 plants
61 creatures vanquished.

Grand Total: 304 creatures vanquished

Table legend: (Time is in decaauts)
 A = Elapsed time spent in this place.
 B = Non-inter-level travel time spent in this place.
 C = Inter-level travel time spent in this place.
 D = Time resting spent in this place.
 E = Time spent auto-exploring this place.
 F = Levels seen in this place.
 G = Mean time per level.
                   A        B        C        D        E       F      G
               +--------+--------+--------+--------+--------+-----+--------+
         Total |  12182 |  11897 |    285 |   2719 |   7320 |  10 | 1218.2 |
       Dungeon |  12182 |  11897 |    285 |   2719 |   7320 |  10 | 1218.2 |
               +--------+--------+--------+--------+--------+-----+--------+

Top non-repeatable levels by time:
     D:9: 2483 daAuts
    D:10: 1504 daAuts
     D:5: 1489 daAuts
     D:8: 1304 daAuts
     D:1: 1192 daAuts
     D:2: 1000 daAuts
     D:7: 910 daAuts
     D:4: 844 daAuts
     D:6: 798 daAuts
     D:3: 655 daAuts

Table legend:
 A = Non-vault XP
 B = Vault XP
 C = Vault XP percentage of total XP
 D = Non-vault monster count
 E = Vault monster count
 F = Vault count percentage of total count
                 A         B        C        D         E       F
            +---------+---------+-------+---------+---------+-------
      Total |    7463 |    4526 |  37.8 |     192 |      51 |  21.0
            +---------+---------+-------+---------+---------+-------
        D:1 |      33 |       0 |   0.0 |      18 |       0 |   0.0
        D:2 |      79 |      36 |  31.3 |      25 |       1 |   3.8
        D:3 |      43 |       0 |   0.0 |      22 |       0 |   0.0
        D:4 |     303 |       0 |   0.0 |      21 |       0 |   0.0
        D:5 |     814 |     469 |  36.6 |      22 |       4 |  15.4
        D:6 |     540 |       0 |   0.0 |      11 |       0 |   0.0
        D:7 |     557 |      46 |   7.6 |      19 |       4 |  17.4
        D:8 |     651 |     433 |  39.9 |      13 |      10 |  43.5
        D:9 |    3151 |    1892 |  37.5 |      21 |      13 |  38.2
       D:10 |    1292 |    1650 |  56.1 |      20 |      19 |  48.7
            +---------+---------+-------+---------+---------+-------
